 Dungeon Crawl Stone Soup version 0.29.1-15-g9cfb28693d (webtiles) character file.

Game seed: 6469222921635696698

91 hawla the Poker (level 4, 0/54 HPs)
             Began as a Minotaur Berserker on Mar 8, 2023.
             Was a Believer of Trog.
             Slain by an endoplasm (2 damage)
             ... on level 4 of the Dungeon.
             The game lasted 00:05:53 (1965 turns).

hawla the Poker (Minotaur Berserker)                Turns: 1965, Time: 00:05:54

Health: 0/54       AC:  6    Str: 22    XL:     4   Next: 34%
Magic:  3/3        EV: 13    Int:  6    God:    Trog [**....]
Gold:   82         SH:  0    Dex: 15    Spells: 3/3 levels left

rFire   + . .      SeeInvis +   a - +0 spear (venom)
rCold   . . .      Faith    .   (no shield)
rNeg    . . .      Spirit   .   l - +2 robe {rF+}
rPois   .          Reflect  .   (helmet restricted)
rElec   .          Harm     .   (no cloak)
rCorr   .          Rampage  .   (no gloves)
Will    ++...                   d - +0 pair of boots
Stlth   ..........              (no amulet)
HPRegen 1.18/turn               g - ring of see invisible
MPRegen 0.08/turn               k - +6 ring of dexterity

@: berserking, strong-willed, regenerating, very quick
A: horns 2, retaliatory headbutt, frail 1, sense surroundings 1, shaggy fur 1,
sturdy frame 1
a: Renounce Religion, Berserk, Trog's Hand


You were on level 4 of the Dungeon.
You worshipped Trog.
Trog was pleased with you.
You visited 1 branch of the dungeon, and saw 4 of its levels.

You collected 82 gold pieces.

Inventory:

Hand Weapons
 a - a +0 spear of venom (weapon)
Armour
 d - a +0 pair of boots (worn)
 l - a +2 robe of fire resistance (worn)
Jewellery
 g - a ring of see invisible (left hand)
 k - a +6 ring of dexterity (right hand)
Scrolls
 f - a scroll of teleportation
 j - 2 scrolls of fear
 n - a scroll of brand weapon
Potions
 b - a potion of flight
 h - a potion of mutation
 i - a potion of brilliance {unknown}
 m - a potion of resistance {unknown}


   Skills:
 + Level 4.1 Fighting
 + Level 5.3 Polearms
 + Level 2.6 Armour
 + Level 3.0 Dodging
 + Level 0.2 Stealth


You had 3 spell levels left.
You didn't know any spells.
Your spell library was empty.

Dungeon Overview and Level Annotations

Branches:
Dungeon (4/15)
 Temple: D:4-7

Altars:
Ashenzari


Innate Abilities, Weirdness & Mutations

You have a pair of horns on your head.
You reflexively headbutt those who attack you in melee.
You are frail. (-10% HP)
You passively map a small area around you.
You are covered in fur. (AC +1)
Your movements are slightly less encumbered by armour. (ER -2)


Message History

The ball python bites you but does no damage.
The ball python constricts you. The endoplasm freezes you.
You are frozen.
* * * LOW HITPOINT WARNING * * *
The gnoll bouda hits you with a +0 club.
* * * LOW HITPOINT WARNING * * *
Your skin crawls.
You feel strong-willed.
The ball python bites you but does no damage.
The ball python constricts you.
The gnoll bouda hits you with a +0 club.
* * * LOW HITPOINT WARNING * * *
The endoplasm barely misses you.
A red film seems to cover your vision as you go berserk!
You feel yourself moving faster!
You feel mighty!
The ball python bites you but does no damage.
The ball python constricts you. The ball python misses you.
You furiously retaliate!
You headbutt the ball python!
You kill the ball python!
Trog accepts your kill.
The gnoll bouda hits you with a +0 club.
* * * LOW HITPOINT WARNING * * *
The endoplasm closely misses you.
You barely miss the endoplasm. You hit the orc.
The orc is poisoned.
The orc is moderately wounded.
The endoplasm barely misses you. The orc misses you.
The gnoll bouda hits you with a +0 club.
* * * LOW HITPOINT WARNING * * *
You hit the gnoll bouda.
The gnoll bouda is moderately wounded.
You hit the gnoll bouda.
The gnoll bouda is poisoned.
The gnoll bouda is heavily wounded.
Your attacks no longer feel as feeble.
The orc barely misses you. You furiously retaliate!
You headbutt the orc!
You kill the orc!
Trog accepts your kill. The endoplasm hits you.
You die...

, * , , , , , ,
** * *
########+####
............# ###
......)J....# #..
#.#,....S.g@....#
#..# #.#
##'########.#
#..# #.# ###..#
#..###.# ,
*#....# #..##..#
##....# #..##..#
, #.....#
#......# #....##
#.....## #†...#
#.....# * #..###


You could see a gnoll bouda (very poisoned), an adder and an endoplasm.

Vanquished Creatures
  An adder (D:4)
  A gnoll (D:1)
  A worm (D:4)
  2 dart slugs (D:1)
  2 orcs
  6 endoplasms
  7 giant cockroaches
  6 goblins
  4 hobgoblins
  5 jackals
  3 quokkas
  6 ball pythons
  4 bats
  3 frilled lizards
  5 kobolds
  4 rats
60 creatures vanquished.

Notes
Turn   | Place    | Note
-------+----------+-------------------------------------------
     0 | D:1      | hawla the Minotaur Berserker began the quest for the Orb.
     0 | D:1      | Reached XP level 1. HP: 19/19 MP: 0/0
   246 | D:1      | Found a faded altar of an unknown god.
   257 | D:1      | Reached skill level 4 in Polearms
   257 | D:1      | Reached XP level 2. HP: 27/27 MP: 1/1
   450 | D:1      | Reached XP level 3. HP: 26/33 MP: 2/2
   685 | D:1      | Reached ** piety under Trog
  1366 | D:3      | Reached skill level 5 in Polearms
  1435 | D:3      | Found a broken altar of Ashenzari.
  1580 | D:3      | Reached XP level 4. HP: 40/40 MP: 3/3
  1953 | D:4      | HP: 2/40 [gnoll bouda/+0 club (6)]
  1959 | D:4      | Gained mutation: You are covered in fur. (AC +1) [potion of
                  | mutation]
  1959 | D:4      | Gained mutation: Your movements are slightly less
                  | encumbered by armour. (ER -2) [potion of mutation]
  1959 | D:4      | Gained mutation: You are frail. (-10% HP) [potion of
                  | mutation]
  1959 | D:4      | Gained mutation: You passively map a small area around you.
                  | [potion of mutation]
  1961 | D:4      | HP: 1/54 [gnoll bouda/+0 club (4)]
  1965 | D:4      | Slain by an endoplasm

Illustrated notes

Levels and vault maps discovered:
D:1:      lemuel_arrival_funnel, layout_basic,
          shapermc_ecumenical_altar_mp_highgroup
D:2:      layout_rooms
D:3:      layout_loops_ring, cheibrodos_ashenzari_chains
D:4:      minmay_opposing_rooms, layout_layer_cave

Skill      XL: |  1  2  3  4 |
---------------+-------------+-----
Polearms       | 4 5 |  5.3
Fighting       | 4 |  4.1
Dodging        | 3 |  3.0
Armour         | |  2.6
Stealth        | |  0.2

Action                   |  1- 3 |  4- 6 || total
-------------------------+-------+-------++-------
Melee: Spear             |   119 |    28 ||   147
       Headbutt          |    12 |     4 ||    16
       Punch             |     1 |       ||     1
Invok: Berserk           |       |     1 ||     1
       Trog's Hand       |       |     1 ||     1
  Use: Scroll            |     6 |     5 ||    11
       Potion            |       |     6 ||     6
 Stab: Sleeping          |     2 |     1 ||     3
Armor: Animal skin       |     8 |       ||     8
       Robe              |     9 |    14 ||    23
Dodge: Dodged            |    45 |    32 ||    77
